 Dungeon Crawl Stone Soup version 0.29.1-debian-1-gc3f1650bb9 (webtiles) character file.

Game seed: 15199429840036129401

674 Newt the Slasher (level 7, -9/54 HPs)
             Began as a Demonspawn Gladiator on Sept 12, 2022.
             Was an Initiate of Gozag.
             Mangled by a wyvern (15 damage)
             ... on level 4 of the Dungeon.
             The game lasted 00:04:01 (4374 turns).

Newt the Slasher (Demonspawn Gladiator)             Turns: 4374, Time: 00:04:02

Health: -9/54      AC:  4    Str: 16    XL:     7   Next: 33%
Magic:  7/7        EV: 12    Int:  9    God:    Gozag
Gold:   113        SH:  0    Dex: 15    Spells: 6/6 levels left

rFire   . . .      SeeInvis .   m - +0 great sword
rCold   . . .      Faith    .   (shield currently unavailable)
rNeg    . . .      Spirit   .   b - +0 leather armour
rPois   .          Reflect  .   c - +0 helmet
rElec   .          Harm     .   (no cloak)
rCorr   .          Rampage  .   (no gloves)
Will    .....                   (no boots)
Stlth   ++........              (no amulet)
HPRegen 0.18/turn               (no ring)
MPRegen 0.10/turn               (no ring)

@: no status effects
A: powered by death 2, weakness stinger 1, demonic touch 1
a: Renounce Religion, Potion Petition, Call Merchant, Bribe Branch


You were on level 4 of the Dungeon.
You worshipped Gozag.
Gozag was aware of your devotion.
You visited 1 branch of the dungeon, and saw 4 of its levels.

You collected 155 gold pieces.
You paid 42 gold pieces to Gozag.

Inventory:

Hand Weapons
 a - a +0 rapier
 m - a +0 great sword (weapon)
Missiles
 d - a throwing net (quivered)
 f - a javelin
 t - 2 poisoned darts
Armour
 b - a +0 leather armour (worn)
 c - a +0 helmet (worn)
Jewellery
 k - an amulet of faith
 s - an amulet of magic regeneration
Scrolls
 i - a scroll of blinking
 n - a scroll of amnesia
 q - a scroll of teleportation {unknown}
Potions
 e - 2 potions of curing
 g - a potion of resistance
 h - 2 potions of brilliance
 j - 2 potions of flight {unknown}
 l - a potion of cancellation {unknown}
 p - a potion of mutation {unknown}
 r - 2 potions of heal wounds


   Skills:
 - Level 4.0 Fighting
 - Level 4.0(4.8) Short Blades
 - Level 4.2(5.0) Long Blades
 - Level 1.7 Throwing
 + Level 2.1 Armour
 - Level 2.6 Dodging
 - Level 3.0 Stealth


You had 6 spell levels left.
You didn't know any spells.
Your spell library contained the following spells:

 Spells                   Type           Power      Damage    Failure   Level
 Cigotuvi's Dreadful Rot  Necr/Pois/Air  0%         N/A       58%         2
 Dispel Undead            Necr           0%         3d6       99%         4
 Death Channel            Necr           0%         N/A       100%        6


Dungeon Overview and Level Annotations

Branches:
Dungeon (4/15)
 Temple: D:4-7

Altars:
Gozag
Ru


Innate Abilities, Weirdness & Mutations

You regenerate health from kills.
You have a small tail.
Your touch may inflict minor irresistible damage on your foes.


Message History

The phantom is heavily damaged.
The gnoll shouts!
You hear a shout! x2
The wyvern closely misses you. The phantom hits you.
A gnoll comes into view. It is wielding a +0 halberd.
The wyvern closely misses you.
You miss the phantom.
The phantom is heavily damaged.
The gnoll shouts!
The wyvern bites you. The phantom hits you.
A gnoll comes into view. It is wielding a +0 halberd.
The wyvern bites you. The phantom hits you.
You are too injured to fight recklessly!
You are too injured to fight recklessly!
You are too injured to fight recklessly!
You are too injured to fight recklessly!
You are too injured to fight recklessly!
You are too injured to fight recklessly!
You are too injured to fight recklessly!
You are too injured to fight recklessly!
You are too injured to fight recklessly!
You are too injured to fight recklessly!
You are too injured to fight recklessly!
You are too injured to fight recklessly!
You are too injured to fight recklessly!
You are too injured to fight recklessly!
You are too injured to fight recklessly!
Unknown command.
The wyvern misses you. The wyvern bites you. x2
The wyvern attacks as you move away! The wyvern closely misses you.
The wyvern barely misses you.
You see here a potion of curing.
The wyvern attacks as you move away! The wyvern bites you!
* * * LOW HITPOINT WARNING * * *
The wyvern bites you but does no damage.
You feel much better. The wyvern bites you!
* * * LOW HITPOINT WARNING * * *
The wyvern bites you!
You die...
Your body crumbles into a pile of gold.

#.....<.##.....
#....g........
##...g........
###..g##.....
#.....##+######
#..#...gg......#
#........W......#
#........##l....##
....##...##.@...##
.... #...##......#
.. ######......#
#.....[.#
##..<..## #######


You could see a wyvern, a phantom and 4 gnolls.

Vanquished Creatures
  Grinder (D:3)
  Sigmund (D:2)
  Pargi (D:3)
  The ghost of jlumianski the Chopper, a weakling DsGl (D:3)
  A howler monkey (D:3)
  Terence (D:3)
  5 adders
  2 worms (D:3)
  2 dart slugs (D:1)
  6 ball pythons
  5 bats
  7 endoplasms
  3 giant cockroaches
  8 goblins
  9 hobgoblins
  2 jackals (D:1)
  5 kobolds
  5 quokkas
  A frilled lizard (D:1)
  6 rats
72 creatures vanquished.

Notes
Turn   | Place    | Note
-------+----------+-------------------------------------------
     0 | D:1      | Newt the Demonspawn Gladiator began the quest for the Orb.
     0 | D:1      | Reached XP level 1. HP: 16/16 MP: 1/1
    95 | D:1      | Reached skill level 1 in Stealth
   143 | D:1      | Gained mutation: You regenerate a little health from kills.
                  | [demonic ancestry]
   143 | D:1      | Reached XP level 2. HP: 16/22 MP: 2/2
   526 | D:1      | Reached XP level 3. HP: 28/28 MP: 3/3
  1352 | D:2      | Found a faded altar of an unknown god.
  1375 | D:2      | Noticed Sigmund
  1406 | D:2      | Killed Sigmund
  1407 | D:2      | Reached XP level 4. HP: 7/37 MP: 4/4
  1407 | D:2      | Gained mutation: You regenerate health from kills. [demonic
                  | ancestry]
  1407 | D:2      | Reached XP level 5. HP: 8/42 MP: 5/5
  2848 | D:3      | Found a runed translucent gate.
  2849 | D:3      | Found a runed translucent gate.
  2849 | D:3      | Found an opulent altar of Gozag.
  2850 | D:3      | Found a runed translucent gate.
  2862 | D:3      | Reached skill level 1 in Long Blades
  2872 | D:3      | Found a sacrificial altar of Ru.
  2893 | D:3      | Noticed jlumianski's ghost (weakling DsGl)
  3058 | D:3      | Discovered your monstrous ancestry.
  3058 | D:3      | Gained mutation: Your touch may inflict minor irresistible
                  | damage on your foes. [demonic ancestry]
  3058 | D:3      | Reached XP level 6. HP: 48/48 MP: 6/6
  3113 | D:3      | Noticed Terence
  3129 | D:3      | Killed Terence
  3501 | D:3      | Noticed Pargi
  3507 | D:3      | Killed Pargi
  3855 | D:3      | Noticed Grinder
  3863 | D:3      | Paralysed by Grinder for 4 turns
  3870 | D:3      | Paralysed by Grinder for 2 turns
  3878 | D:3      | Killed Grinder
  3879 | D:3      | Reached skill level 1 in Armour
  3879 | D:3      | Gained mutation: You have a small tail. [demonic ancestry]
  3879 | D:3      | Reached XP level 7. HP: 13/54 MP: 7/7
  4307 | D:3      | Killed jlumianski's ghost
  4321 | D:3      | Became a worshipper of Gozag Ym Sagoz the Greedy
  4353 | D:4      | Noticed a wyvern
  4374 | D:4      | Mangled by a wyvern

Illustrated notes

Levels and vault maps discovered:
D:1:      saegor_arrival_simple_b, layout_loops_ring, minmay_pentomino_w4
D:2:      layout_basic, dreamdust_ecumenical_altar_statues, uniq_sigmund
D:3:      layout_basic, mainiacjoe_overflow_alcove_1, ebering_ghost_gozag,
          minmay_misc_feat_cross, uniq_grinder, uniq_pargi, uniq_terence
D:4:      layout_gridville, tso_metal_star, minmay_checkerbox, uniq_natasha,
          uniq_pikel, uniq_edmund

Skill      XL: |  1  2  3  4  5  6  7 |
---------------+----------------------+-----
Stealth        | 1 2 3 |  3.0
Fighting       | 4 |  4.0
Short Blades   | 4 |  4.0
Long Blades    | 1 4 |  4.2
Armour         | 1 2 |  2.1
Throwing       | |  1.7
Dodging        | |  2.6

Action                   |  1- 3 |  4- 6 |  7- 9 || total
-------------------------+-------+-------+-------++-------
Melee: Rapier            |   131 |    13 |       ||   144
       Punch             |     4 |       |       ||     4
       Great sword       |       |    91 |    24 ||   115
Throw: Javelin           |     2 |       |       ||     2
       Throwing net      |     3 |     2 |       ||     5
       Dart              |       |     3 |       ||     3
  Use: Potion            |     3 |     2 |     1 ||     6
       Scroll            |     1 |     3 |       ||     4
 Stab: Sleeping          |     4 |     4 |       ||     8
Armor: Leather armour    |    46 |    35 |     7 ||    88
       Skin              |    26 |       |       ||    26
Dodge: Dodged            |    94 |    78 |    22 ||   194
